 Dungeon Crawl Stone Soup version 0.17.1-3-g152610e (webtiles) character file.

3859 manyhoops the Nimble (level 10, -5/67 HPs)
             Began as a Merfolk Gladiator on Apr 5, 2016.
             Was a Follower of Dithmenos.
             Slain by Tobisume's ghost (17 damage)
             ... on level 8 of the Dungeon.
             The game lasted 00:21:58 (6674 turns).

manyhoops the Nimble (Merfolk Gladiator)            Turns: 6674, Time: 00:21:58

Health: -5/67      AC: 11    Str: 11    XL:     10   Next: 18%
Magic:  0/10       EV: 20    Int: 17    God:    Dithmenos [*.....]
Gold:   436        SH:  0    Dex: 21    Spells: 0 memorised, 9 levels left

rFire  . . .     SeeInvis +     w - +10 dagger "Embalmer" {drain, rElec Str-5 Int+4 Dex+4}
rCold  . . .     Clarity  .     i - +1 ring mail {MR+}
rNeg   . . .     SustAt   .     (no shield)
rPois  .         Gourm    .     n - +2 helmet
rElec  +         Spirit   .     (no cloak)
rCorr  .         Warding  .     A - +0 pair of gloves
rMut   .         Stasis   .     B - +0 pair of boots of the Jolly Orbs {Int+5}
MR     +....                    (no amulet)
Stlth  ++++......               N - ring of invisibility
                                G - ring of see invisible

@: wreathed by umbra, somewhat resistant to hostile enchantments, stealthy
A: change form in water, swift swim
a: Renounce Religion, Evoke Invisibility


You were on level 8 of the Dungeon.
You worshipped Dithmenos.
Dithmenos was aware of your devotion.
You were full.

You visited 2 branches of the dungeon, and saw 9 of its levels.

You collected 436 gold pieces.

Inventory:

Hand Weapons
 a - a +0 trident
 k - a +1 antimagic spear
 w - the +10 dagger "Embalmer" (weapon) {drain, rElec Str-5 Int+4 Dex+4}
   (You found it on level 4 of the Dungeon)

   A truly terrible weapon, it drains the life of those it strikes.
   It affects your strength (-5).
   It affects your intelligence (+4).
   It affects your dexterity (+4).
   It insulates you from electricity.
Missiles
 d - 3 throwing nets (quivered)
Armour
 i - a +1 ring mail of magic resistance (worn)
 n - a +2 helmet (worn)
 x - a +2 large shield
 A - a +0 pair of gloves (worn)
 B - the +0 pair of boots of the Jolly Orbs (worn) {Int+5}
   (You found it on level 6 of the Dungeon)

   It affects your intelligence (+5).
 J - a +0 buckler
Jewellery
 C - an uncursed ring of protection from fire
 G - a ring of see invisible (left hand)
 K - an uncursed ring of flight
 N - a ring of invisibility (right hand)
Wands
 q - a wand of random effects (10)
 s - a wand of frost (28)
 E - a wand of slowing (17)
Scrolls
 c - a scroll of amnesia
 h - 2 scrolls of recharging
 j - 5 scrolls of teleportation
 o - a scroll of magic mapping
 u - a scroll of fog
 y - 5 scrolls of remove curse
 D - a scroll of fear
 F - a scroll of noise {unknown}
 L - a scroll of enchant weapon {unknown}
 M - a scroll of summoning {unknown}
Potions
 b - a potion of poison {unknown}
 f - a potion of agility {unknown}
 g - 4 potions of curing
 l - a potion of ambrosia {unknown}
 m - a potion of heal wounds
 p - a potion of flight
 v - a potion of haste {unknown}
 z - 2 potions of might {unknown}
 H - a potion of mutation {unknown}
Books
 O - a book of Battle

   Spells                             Type                      Level
   a - Infusion                       Charms                       1
   b - Shroud of Golubria             Charms/Translocation         2
   c - Song of Slaying                Charms                       2
   d - Spectral Weapon                Hexes/Charms                 3
   e - Regeneration                   Charms/Necromancy            3
Comestibles
 e - 7 bread rations
 r - 3 beef jerkies
 t - 2 meat rations
 I - 14 fruits


   Skills:
 - Level 2.1 Fighting
 * Level 8.4 Short Blades
 - Level 4.4 Polearms
 - Level 2.0 Throwing
 - Level 0.3 Armour
 - Level 12.6 Dodging
 - Level 8.7 Stealth
 * Level 3.0 Shields


You had 9 spell levels left.
You didn't know any spells.

Dungeon Overview and Level Annotations

Branches:
Dungeon (8/15)             Temple (1/1) D:5            Lair (0/8) D:8

Altars:
Cheibriados
Dithmenos
Elyvilon
Fedhas
Kikubaaqudgha
Nemelex Xobeh
Okawaru
Qazlal
Ru
Sif Muna
Trog
Vehumet
Xom
Yredelemnul
Zin
The Shining One

Shops:
D:4 (}}:   D:6 (

Annotations:
D:8 Tobisume's ghost, novice DsBe


Message History

Tobisume's ghost is severely damaged.
Tobisume's ghost hits you!
* * * LOW HITPOINT WARNING * * *
You feel your power leaking away.
You barely miss Tobisume's ghost.
Tobisume's ghost is severely damaged.
Tobisume's ghost closely misses you.
You feel much better. Tobisume's ghost hits you!
You hit Tobisume's ghost but do no damage.
Tobisume's ghost is severely damaged.
You barely miss Tobisume's ghost.
Tobisume's ghost is severely damaged.
Tobisume's ghost hits you!
* * * LOW HITPOINT WARNING * * *
You hit Tobisume's ghost.
Tobisume's ghost is severely damaged.
You hit Tobisume's ghost but do no damage.
Tobisume's ghost is severely damaged.
Tobisume's ghost hits you!
You die...

....# #.####.......#
....# #.# ##...###.#
##### #.###.(...##.#
# #.##......[#.# #
#######.##.....P.#.#
#
#..†††.........P...#
#
#.######...........#
#.# #.....>W....#
#.# ##.....@....#
#.# #..P(......#
###.# ##..P.PP.#.#
....# #....P..#.#
##### ##.....##.#
##...## .# ##.... .#
########


You could see Tobisume's ghost.

Vanquished Creatures
  A tengu warrior (D:8)
  An elephant (D:8)
  A tengu conjurer (D:8)
  Grinder (D:3)
  A spriggan (D:7)
  A yak (D:8)
  Eustachio (D:3)
  A hungry ghost (D:7)
  The ghost of kaze the Ducker, an amateur DsGl (D:4)
  Duvessa (D:6)
  2 sky beasts
  2 phantoms (D:4)
  An ogre (D:7)
  An ice beast (D:6)
  2 crocodiles (D:8)
  2 centaurs
  Dowan (D:6)
  4 orc priests (D:6)
  A centaur skeleton (D:8)
  A jelly (D:5)
  A giant frog skeleton (D:4)
  Jessica (D:3)
  An iguana (D:7)
  5 worker ants
  4 hounds
  An orc wizard (D:6)
  A killer bee zombie (D:8)
  7 adders
  2 shadow imps
  2 oozes
  2 adder zombies
  2 worms (D:4)
  4 giant geckos
  18 orcs
  4 giant cockroaches
  7 goblins
  4 hobgoblins
  12 jackals
  2 quokkas
  2 ball pythons
  4 bats
  7 giant newts
  A jackal skeleton (D:4)
  8 kobolds
  A quokka skeleton (D:4)
  5 rats
135 creatures vanquished.

Notes
Turn   | Place    | Note
--------------------------------------------------------------
     0 | D:1      | manyhoops the Merfolk Gladiator began the quest for the Orb.
     0 | D:1      | Reached XP level 1. HP: 16/16 MP: 1/1
   188 | D:1      | Reached XP level 2. HP: 15/22 MP: 2/2
   718 | D:1      | Reached skill level 5 in Dodging
   815 | D:1      | Reached skill level 1 in Stealth
   815 | D:1      | Reached XP level 3. HP: 27/27 MP: 1/3
  1094 | D:2      | Found a shimmering altar of Xom.
  1482 | D:2      | Found a deep blue altar of Sif Muna.
  1680 | D:3      | Noticed a centaur
  1683 | D:3      | Noticed Grinder
  2144 | D:2      | Reached XP level 4. HP: 30/33 MP: 1/4
  2253 | D:3      | Noticed Jessica
  2260 | D:3      | Killed Jessica
  2260 | D:3      | Reached skill level 6 in Dodging
  2309 | D:3      | Found a stormy altar of Qazlal.
  2313 | D:3      | Found a bloodstained altar of Trog.
  2466 | D:4      | Found Hura's Gadget Emporium.
  2484 | D:4      | Got a polished dagger
  2486 | D:4      | Identified the +10 dagger "Embalmer" {drain, rElec Str-5 Int+4 Dex+4} (You found it on level 4 of the Dungeon)
  2499 | D:4      | Found Ydeany's Book Boutique.
  2504 | D:4      | Noticed Eustachio
  2510 | D:4      | Noticed kaze's ghost (amateur DsGl)
  2576 | D:3      | HP: 1/33 [Grinder (7)]
  2578 | D:3      | Paralysed by Grinder for 4 turns
  2587 | D:3      | Killed Grinder
  2587 | D:3      | Reached skill level 5 in Short Blades
  2587 | D:3      | Reached XP level 5. HP: 8/38 MP: 5/5
  2587 | D:3      | Reached XP level 6. HP: 9/44 MP: 6/6
  2801 | D:3      | Killed a centaur
  3143 | D:3      | Killed Eustachio
  3143 | D:3      | Reached skill level 7 in Dodging
  3143 | D:3      | Reached XP level 7. HP: 44/50 MP: 7/7
  3161 | D:4      | Noticed a phantom
  3198 | D:4      | Killed a phantom
  3253 | D:4      | Killed kaze's ghost
  3253 | D:4      | Reached skill level 8 in Dodging
  3385 | D:4      | Reached XP level 8. HP: 39/56 MP: 8/8
  3634 | D:4      | Reached skill level 9 in Dodging
  3641 | D:4      | Found Narhouq's Weapon Shoppe.
  3743 | D:4      | Found a snail-covered altar of Cheibriados.
  3760 | D:4      | Found Buikk's Gadget Shop.
  3860 | D:5      | Entered Level 5 of the Dungeon
  3958 | D:5      | Reached skill level 5 in Stealth
  4004 | D:5      | Found a staircase to the Ecumenical Temple.
  4021 | Temple   | Entered the Ecumenical Temple
  4036 | Temple   | Became a worshipper of Dithmenos the Shadowed
  4519 | D:6      | Found Sysmaclu's Antique Weapon Shoppe.
  4541 | D:6      | Reached skill level 10 in Dodging
  4566 | D:6      | Got a pair of encrusted boots
  4576 | D:6      | Identified the +0 pair of boots of the Jolly Orbs {Int+5} (You found it on level 6 of the Dungeon)
  4594 | D:6      | Noticed Duvessa
  4603 | D:6      | Noticed Dowan
  4613 | D:6      | Killed Duvessa
  4619 | D:6      | Killed Dowan
  4666 | D:6      | Reached * piety under Dithmenos
  4989 | D:6      | Reached skill level 11 in Dodging
  4989 | D:6      | Reached XP level 9. HP: 61/61 MP: 9/9
  5146 | D:7      | Found a basalt altar of Yredelemnul.
  5280 | D:7      | Found a sacrificial altar of Ru.
  5418 | D:7      | Found a blossoming altar of Fedhas.
  6262 | D:8      | Noticed a tengu conjurer
  6266 | D:8      | Noticed a tengu warrior
  6292 | D:8      | Killed a tengu conjurer
  6362 | D:8      | Killed a tengu warrior
  6362 | D:8      | Reached skill level 12 in Dodging
  6445 | D:8      | Reached skill level 1 in Shields
  6498 | D:8      | Noticed an elephant
  6522 | D:8      | Reached XP level 10. HP: 67/67 MP: 10/10
  6538 | D:8      | Killed an elephant
  6560 | D:8      | Found a staircase to the Lair.
  6593 | D:8      | Noticed Tobisume's ghost (novice DsBe)
  6674 | D:8      | Slain by Tobisume's ghost

Action                   |  1- 3 |  4- 6 |  7- 9 | 10-12 || total
-------------------------+-------+-------+-------+-------++-------
Melee: Trident           |    38 |       |       |       ||    38
       Spear             |    98 |    65 |       |       ||   163
       Dagger            |       |    40 |   272 |    76 ||   388
  Use: Scroll            |     2 |     1 |     6 |       ||     9
       Potion            |       |     2 |     1 |     2 ||     5
 Stab: Sleeping          |     3 |       |     4 |       ||     7
  Eat: Chunk             |     1 |       |     3 |       ||     4
       Bread ration      |     1 |       |     3 |       ||     4
       Fruit             |       |       |     2 |       ||     2
